 Dungeon Crawl Stone Soup version 0.21.1-1-g345015f (webtiles) character file.

116 Iko the Stinger (level 5, -2/36 HPs)
             Began as a Merfolk Venom Mage on May 12, 2018.
             Slain by a bullfrog (5 damage)
             ... on level 6 of the Dungeon.
             The game lasted 00:11:42 (671 turns).

Iko the Stinger (Merfolk Venom Mage)                 Turns: 671, Time: 00:11:43

Health: -2/36      AC:  5    Str:  9    XL:     5   Next: 0%
Magic:  2/8        EV: 11    Int: 15    God:
Gold:   125        SH:  0    Dex: 14    Spells: 7/8 levels left

rFire    . . .     SeeInvis .   f - +2 hunting sling (freeze)
rCold    . . .     Gourm    .   (no shield)
rNeg     . . .     Faith    .   e - +0 ring mail (curse)
rPois    .         Spirit   .   (no helmet)
rElec    .         Reflect  .   (no cloak)
rCorr    .         Harm     .   (no gloves)
MR       .....                  (no boots)
Stlth    ++........             (no amulet)
HPRegen  0.12/turn              (no ring)
MPRegen  0.11/turn              (no ring)

@: very slightly contaminated
A: change form in water, swift swim, stealthy swim
a: no special abilities


You were on level 6 of the Dungeon.
You were not hungry.

You visited 1 branch of the dungeon, and saw 6 of its levels.

You collected 125 gold pieces.

Inventory:

Hand Weapons
 f - a +2 hunting sling of freezing (weapon)
Armour
 e - a cursed +0 ring mail (worn)
Scrolls
 d - a scroll of teleportation
 i - a scroll of immolation
Potions
 h - a potion of lignification
Books
 b - a Young Poisoner's Handbook

   Spells                             Type                      Level
   a - Sting                          Conjuration/Poison           1
   b - Poisonous Vapours              Poison/Air                   2
   c - Mephitic Cloud                 Conjuration/Poison/Air       3
   d - Olgreb's Toxic Radiance        Poison                       4
   e - Venom Bolt                     Conjuration/Poison           5
Comestibles
 c - 3 rations


   Skills:
 + Level 0.5 Fighting
 + Level 2.1 Slings
 + Level 3.2 Dodging
 + Level 2.7 Stealth
 + Level 2.2 Spellcasting
 + Level 1.5 Conjurations
 + Level 3.7 Poison Magic


You had 7 spell levels left.
You knew the following spells:

 Your Spells              Type           Power        Failure   Level  Hunger
a - Sting                 Conj/Pois      #...         21%         1    #......


Dungeon Overview and Level Annotations

Branches:
Dungeon (6/15)
 Temple: D:4-7

Altars:

Shops:
D:5 }


Message History

[Y]es or [N]o only, please.
Really attack while wielding your +2 hunting sling of freezing?
Okay, then.
The bullfrog hits you but does no damage.
The bullfrog hits you but does no damage.
The bullfrog hits you. The worker ant closely misses you.
The worker ant bites you.
* * * LOW HITPOINT WARNING * * *
You swing at nothing.
The bullfrog hits you but does no damage.
The bullfrog hits you.
* * * LOW HITPOINT WARNING * * *
The worker ant bites you but does no damage.
The bullfrog hits you but does no damage.
You swing at nothing.
The worker ant bites you but does no damage.
The bullfrog barely misses you. The worker ant barely misses you.
The bullfrog hits you but does no damage.
You swing at nothing.
The bullfrog hits you.
You die...

.....#.#.#
.....#.###
.......
#o#.######
#......<.#
......(#.######
.########.#
........al##.#.#
####.@Fo.....#
#.#####.#.# #. #
#. #. .. .# .


You could see a bullfrog, a worker ant, an orc wizard and a leopard gecko.

Vanquished Creatures
  A bullfrog (D:5)
  An iguana (D:5)
  An ooze (D:5)
  2 worms
  A dart slug (D:4)
  A leopard gecko (D:1)
  3 giant cockroaches
  2 goblins (D:2)
  A hobgoblin (D:2)
  A quokka (D:2)
  A frilled lizard (D:1)
  A kobold (D:1)
  A rat (D:2)
17 creatures vanquished.

Notes
Turn   | Place    | Note
-------+----------+-------------------------------------------
     0 | D:1      | Iko the Merfolk Venom Mage began the quest for the Orb.
     0 | D:1      | Reached XP level 1. HP: 13/13 MP: 3/3
   240 | D:2      | Reached skill level 1 in Conjurations
   240 | D:2      | Reached XP level 2. HP: 19/19 MP: 3/5
   508 | D:4      | Reached XP level 3. HP: 24/24 MP: 2/6
   558 | D:5      | Entered Level 5 of the Dungeon
   565 | D:5      | Found Getzom's Gadget Shoppe.
   598 | D:5      | Reached skill level 1 in Slings
   610 | D:5      | Noticed a bullfrog
   615 | D:5      | Noticed an ogre
   616 | D:5      | Killed a bullfrog
   616 | D:5      | Reached XP level 4. HP: 26/31 MP: 7/7
   616 | D:5      | Reached XP level 5. HP: 31/36 MP: 8/8
   671 | D:6      | Slain by a bullfrog

Skill      XL: |  1  2  3 |
---------------+----------+-----
Conjurations   | 1 |  1.5
Dodging        | 3 |  3.2
Slings         | 2 |  2.1
Fighting       | |  0.5
Stealth        | |  2.7
Spellcasting   | |  2.2
Poison Magic   | |  3.7

Action                   |  1- 3 |  4- 6 || total
-------------------------+-------+-------++-------
 Fire: Hunting sling     |    49 |     1 ||    50
 Cast: Sting             |     8 |     6 ||    14
  Use: Scroll            |     7 |     1 ||     8
       Potion            |     6 |       ||     6
Armor: Ring mail         |     3 |    11 ||    14
Dodge: Dodged            |     6 |    14 ||    20
